 Dungeon Crawl Stone Soup version 0.30-a0-847-g17996783a1 (webtiles) character file.

Game seed: 9847277127792139090

40 Farfigtubin the Sneak (level 3, 0/21 HPs)
             Began as a Kobold Brigand on Mar 3, 2023.
             Slain by an ufetubus (1 damage)
             ... on level 4 of the Dungeon.
             The game lasted 00:08:48 (742 turns).

Farfigtubin the Sneak (Kobold Brigand)               Turns: 742, Time: 00:08:48

Health: 0/21       AC:  3    Str:  8    XL:     3   Next: 72%
Magic:  3/3        EV: 15    Int: 12    God:
Gold:   58         SH:  0    Dex: 18    Spells: 2/2 levels left

rFire   . . .      SeeInvis .    a - +2 dagger
rCold   . . .      Faith    .    (no shield)
rNeg    . . .      Spirit   .    b - +0 robe
rPois   .          Reflect  .    (no helmet)
rElec   .          Rampage  .    c - +0 cloak
rCorr   .                        (no gloves)
Will    .....                    (no boots)
Stlth   ++++                     (no amulet)
HPRegen 0.23/turn                (no ring)
MPRegen 0.08/turn                (no ring)

@: no status effects
A: small, no large weapons, nightstalker 3
a: no special abilities


You were on level 4 of the Dungeon.
You visited 1 branch of the dungeon, and saw 4 of its levels.

You collected 58 gold pieces.

Inventory:

Hand Weapons
 a - a +2 dagger (weapon)
Missiles
 d - 9 poisoned darts (quivered)
 e - 3 curare-tipped darts
 f - 16 stones
Armour
 b - a +0 robe (worn)
 c - a +0 cloak (worn)
Jewellery
 h - a +6 ring of strength
Scrolls
 j - a scroll of identify {unknown}
Potions
 g - a potion of berserk rage {unknown}
 i - a potion of might {unknown}


   Skills:
 - Level 2.1 Fighting
 * Level 4.1 Short Blades
 - Level 2.1 Throwing
 + Level 2.1 Dodging
 + Level 5.8 Stealth


You had 2 spell levels left.
You didn't know any spells.
Your spell library was empty.

Dungeon Overview and Level Annotations

Branches:
Dungeon (4/15)
 Temple: D:4-7

Altars:
Kikubaaqudgha
Makhleb


Innate Abilities, Weirdness & Mutations

You are small and have problems with some larger weapons.
You are completely attuned to the shadows.


Message History

The ufetubus is moderately wounded.
The ufetubus closely misses you.
The ufetubus hits you but does no damage.
You closely miss the ufetubus.
The ufetubus is moderately wounded.
The ufetubus misses you. The ufetubus hits you.
You miss the ufetubus.
The ufetubus is moderately wounded.
The ufetubus barely misses you. The ufetubus closely misses you.
You hit the ufetubus.
The ufetubus is heavily wounded.
The ufetubus closely misses you.
The ufetubus hits you but does no damage.
The ufetubus hits you.
* * * LOW HITPOINT WARNING * * *
The ufetubus misses you.
You hit the ufetubus.
The ufetubus is almost dead.
The ufetubus completely misses you. The ufetubus barely misses you.
You miss the ufetubus.
The ufetubus is almost dead.
The ufetubus hits you.
* * * LOW HITPOINT WARNING * * *
The ufetubus barely misses you.
You miss the ufetubus.
The ufetubus is almost dead.
The ufetubus barely misses you. x2
You closely miss the ufetubus.
The ufetubus is almost dead.
The ufetubus hits you.
* * * LOW HITPOINT WARNING * * *
The ufetubus hits you.
* * * LOW HITPOINT WARNING * * *
You closely miss the ufetubus.
The ufetubus is almost dead.
The ufetubus barely misses you. The ufetubus misses you.
You completely miss the ufetubus.
The ufetubus is severely wounded.
The ufetubus hits you.
You die...

......... .).........#
............
...........# #.....<..#
..#..5@...##
......#..##
..#.#.##..####
...#.##.....#
...##.##.###.##########
..# #.##># #...........
#.# ####........ #.#
##....... #.###
#.......


You could see an ufetubus.

Vanquished Creatures
  3 adders (D:2)
  A worm (D:2)
  A dart slug (D:2)
  A giant cockroach (D:4)
  A goblin (D:2)
  A quokka (D:4)
  2 ball pythons
  A bat (D:2)
11 creatures vanquished.

Notes
Turn   | Place    | Note
-------+----------+-------------------------------------------
     0 | D:1      | Farfigtubin the Kobold Brigand began the quest for the Orb.
     0 | D:1      | Reached XP level 1. HP: 12/12 MP: 1/1
   193 | D:2      | Reached XP level 2. HP: 17/17 MP: 2/2
   252 | D:2      | Upgraded the game from 0.30-a0-845-g7c6808c8ce to
                  | 0.30-a0-847-g17996783a1
   314 | D:2      | Reached XP level 3. HP: 21/21 MP: 3/3
   690 | D:4      | Found a burning altar of Makhleb.
   690 | D:4      | Found an ancient bone altar of Kikubaaqudgha.
   698 | D:4      | Noticed a scorpion
   740 | D:4      | HP: 1/21 [ufetubus (2)]
   742 | D:4      | Slain by an ufetubus

Illustrated notes

Levels and vault maps discovered:
D:1:      minmay_arrival_jagged, layout_basic,
          dreamdust_ecumenical_altar_sealed_demon
D:2:      layout_rooms
D:3:      layout_basic, hangedman_decor_clover_reticule
D:4:      layout_rooms, nicolae_overflow_two_pavilions,
          minmay_temple_entry_wispy, gup_sewer_entry_bowl, chequers_garden,
          minmay_manual_mail

Skill      XL: |  1  2  3 |
---------------+----------+-----
Short Blades   | 3 4 |  4.1
Dodging        | 2 |  2.1
Fighting       | |  2.1
Throwing       | |  2.1
Stealth        | |  5.8

Action                     || total
---------------------------++-------
  Melee: Dagger            ||    67
  Throw: Dart              ||     5
   Stab: Sleeping          ||     4
 Armour: Robe              ||    13
  Dodge: Dodged            ||    62

Table legend: (Time is in decaauts)
 A = Elapsed time spent in this place.
 B = Non-inter-level travel time spent in this place.
 C = Inter-level travel time spent in this place.
 D = Time resting spent in this place.
 E = Time spent auto-exploring this place.
 F = Levels seen in this place.
 G = Mean time per level.
                   A        B        C        D        E       F      G
               +--------+--------+--------+--------+--------+-----+--------+
         Total |    728 |    694 |     34 |     23 |      0 |   4 |  182.0 |
       Dungeon |    728 |    694 |     34 |     23 |      0 |   4 |  182.0 |
               +--------+--------+--------+--------+--------+-----+--------+

Top non-repeatable levels by time:
     D:2: 328 daAuts
     D:1: 163 daAuts
     D:3: 138 daAuts
     D:4: 97 daAuts
